 Dungeon Sprint DCSS version 0.16-a0-3706-g5dff784 (webtiles) character file.

14387 BluebellGnoll the Brawler (level 11, -11/113 HPs)
             Began as a Minotaur Monk on Jan 19, 2015.
             Was the Champion of Makhleb.
             Engulfed by a cloud of flame (17 damage)
             ... while paralysed by a vampire knight
             ... in the Dungeon (Sprint V: "Ziggurat Sprint").
             The game lasted 00:14:01 (1053 turns).

BluebellGnoll the Brawler (Minotaur Monk)           Turns: 1053, Time: 00:14:01

Health: -11/113    AC: 27    Str: 24    XL:     11   Next: 88%
Magic:  24/24      EV:  2    Int: 12    God:    Makhleb [******]
Gold:   0          SH:  0    Dex: 23    Spells: 1 memorised, 7 levels left

rFire  . . .     SeeInvis .       - Unarmed
rCold  + + +     Clarity  .     y - +5 gold dragon armour
rNeg   + + +     SustAb   .     n - +18 shield of the gong {rElec rN+ MR+ EV-5}
rPois  +         Gourm    .     (helmet restricted)
rElec  +         Spirit   .     W - +2 cloak of Skiphi {rC++ HP+9 Int+3 Dex+4}
rCorr  .         Warding  +     a - +1 pair of gloves {archery}
rMut   .         NoTele   +     (no boots)
MR     +....                    M - amulet of warding
Stlth  ..........               N - ring "Vonn" {Ice rElec rN++ Int+2}
                                q - +6 ring of strength

@: paralysed, agile, lethally poisoned, empathic, very slightly contaminated,
somewhat resistant to hostile enchantments, extremely unstealthy
A: retaliatory headbutt, horns 2
a: Minor Destruction, Lesser Servant of Makhleb, Major Destruction, Greater
Servant of Makhleb, Renounce Religion


You were in the Dungeon.
You worshipped Makhleb.
Makhleb was exalted by your worship.
You were not hungry.

You visited 1 branch

Inventory:

Armour
 a - a +1 pair of gloves of archery (worn)
 n - the +18 shield of the gong (worn) {rElec rN+ MR+ EV-5}
   (You found it in the Dungeon)

   It affects your evasion (-5).
   It insulates you from electricity.
   It protects you from negative energy.
   It affects your resistance to hostile enchantments.
 y - a +5 gold dragon armour (worn)
 D - the +7 swamp dragon armour of the Hurricane {+Inv rPois+ rN+ Regen+ Str-2}
   (You found it in the Dungeon)

   It affects your strength (-2).
   It protects you from poison.
   It protects you from negative energy.
   It lets you turn invisible.
   It increases your rate of regeneration.
 W - the +2 cloak of Skiphi (worn) {rC++ HP+9 Int+3 Dex+4}
   (You found it in the Dungeon)

   It affects your intelligence (+3).
   It affects your dexterity (+4).
   It greatly protects you from cold.
   It affects your health (+9).
Rods
 R - a +3 lightning rod (11/11)
   (You found it in the Dungeon)
Jewellery
 m - a +6 ring of dexterity
 q - a +6 ring of strength (left hand)
 I - an uncursed ring of protection from cold
 J - the ring "Lahem" {+Fly rF+ MP+9 Int+2 SInv}
   (You found it in the Dungeon)

   [ring of flight]

   It affects your intelligence (+2).
   It protects you from fire.
   It affects your magic capacity (+9).
   It enhances your eyesight.
   It lets you fly.
 K - an uncursed ring of protection from magic
 M - an amulet of warding (around neck)
 N - the ring "Vonn" (right hand) {Ice rElec rN++ Int+2}
   (You found it in the Dungeon)

   [ring of ice]

   It enhances your ice magic, and weakens your fire magic.
   It affects your intelligence (+2).
   It makes you vulnerable to fire.
   It protects you from cold.
   It insulates you from electricity.
   It greatly protects you from negative energy.
 O - an uncursed ring of protection from cold
 T - an uncursed amulet of resist corrosion
Magical devices
 i - a wand of disintegration (7)
 j - a wand of fire (1)
 k - a wand of cold (3)
 l - a wand of draining (3)
Scrolls
 h - 4 scrolls of blinking
 r - 4 scrolls of amnesia
 s - 3 scrolls of recharging
 t - 7 scrolls of fog
 u - a scroll of holy word
 v - 5 scrolls of identify
 w - 5 scrolls of remove curse
 x - 2 scrolls of fear
Potions
 c - 10 potions of curing
 d - 10 potions of heal wounds
 e - 6 potions of haste
 f - 7 potions of magic
 g - 2 potions of berserk rage
 z - 2 potions of brilliance
 A - 2 potions of invisibility
 B - 2 potions of restore abilities
 C - 4 potions of resistance
 E - 4 potions of agility
 F - 4 potions of might
Miscellaneous
 H - a phantom mirror
 P - a sack of spiders
 Q - a lamp of fire
 U - a legendary deck of changes {drawn: 4}
 V - a plain deck of changes
Comestibles
 b - 5 bread rations
 o - 42 fruits
 p - 4 meat rations
 G - 3 royal jellies
 L - 7 poisonous chunks of flesh
 S - 4 chunks of flesh


   Skills:
 - Level 11.8 Fighting
 - Level 8.8 Armour
 - Level 3.2 Dodging
 - Level 1.5 Stealth
 - Level 13.4 Shields
 - Level 19.5 Unarmed Combat
 - Level 10.2 Invocations
 + Level 13.8 Evocations


You had 7 spell levels left.
You knew the following spells:

 Your Spells              Type           Power        Failure   Level  Hunger
a - Spectral Weapon       Hex/Chrm       #.......     100%        3    ####...


Dungeon Overview and Level Annotations

Branches:
Dungeon (1/1)

Altars:
Ashenzari
Cheibriados
Dithmenos
Elyvilon
Fedhas
Gozag
Kikubaaqudgha
Makhleb
Nemelex Xobeh
Okawaru
Qazlal
Ru
Sif Muna
Trog
Vehumet
Xom
Yredelemnul
Zin
The Shining One
Beogh
Jiyva
Lugonu


Innate Abilities, Weirdness & Mutations

You reflexively headbutt those who attack you in melee.
You have a pair of horns on your head.


Message History

The vampire knight is almost destroyed.
You are engulfed in roaring flames.
* * * LOW HITPOINT WARNING * * *
You feel yourself slow down.
The vampire knight mumbles some strange words.
The vampire knight flickers and vanishes for a moment.
You block the vampire knight's attack.
SHROANNG!
You block the vampire knight's attack.
PANG!
You punch the vampire knight!
The vampire knight is almost destroyed.
You are engulfed in roaring flames.
* * * LOW HITPOINT WARNING * * *
You feel sick. You block the human zombie's attack.
GONNNNG!
The vampire knight points at you and mumbles some strange words.
You suddenly lose the ability to move!
You are engulfed in roaring flames.
You die...

* , *, , ∆}[[∆∆
▓....)[[..▓. ,
..")}[[..▓..:.:)}..▓. ,
, ,,
▓.........▓...†.....▓.
,, ,
*.........▓.........▓.
* * **** ▓,.......
▓.........▓. 8 8
▓.,..... .▓.....†...▓.
, ,,
▓..▓.§§▓..▓.........▓.
, ∆, ,
8▓.▓.V§)§▓.▓......†.†▓.
, , ,
8▓...Z@§§..▓.........▓▓


88 8 8 ▓▓▓▓▓▓▓▓▓▓▓▓▓▓▓▓▓▓▓▓▓* ** * * * ,,, , ,, 8 ,,h ,MZMZM8MM M
,oogogooToOoCogooo ,MMMZMZMMMM ,* CooooooooooooOooo ,MMMZMMMMMz
,oooooooooooooOooo ,, ,MMMHs * ,,,ooy∆C * , , 8 , , , , , , You could see a
vampire knight (invisible) and a human zombie.

Vanquished Creatures
  2 vampire knights (D)
  A purple draconian (D)
  A vampire mage (D)
  4 deep elf knights (D)
  A deep elf summoner (D)
  2 necromancers (D)
  3 deep elf conjurers (D)
  5 draconians (D)
  2 black mambas (D)
  2 naga magi (D)
  2 spiny frogs (D)
  A jumping spider (D)
  A deep elf mage (D)
  2 shadows (D)
  A vampire (D)
  3 deep elf fighters (D)
  7 nagas (D)
  3 water moccasins (D)
  A porcupine (D)
  A necrophage (D)
  3 phantoms (D)
  A giant frog (D)
  2 scorpions (D)
  2 crimson imps (D)
  An iron imp (D)
  3 adders (D)
  A white imp (D)
  A giant mite (D)
  3 ufetubi (D)
  An adder skeleton (D)
  A bat zombie (D)
  3 ball pythons (D)
  A jackal zombie (D)
  3 fungi (D)
71 creatures vanquished.

Vanquished Creatures (collateral kills)
  A komodo dragon (D)
  A porcupine (D)
  A river rat (D)
  An adder (D)
4 creatures vanquished.

Vanquished Creatures (others)
  A spatial maelstrom (D)
  A fire elemental (D)
  A human zombie (D)
3 creatures vanquished.

Grand Total: 78 creatures vanquished

Notes
Turn   | Place    | Note
--------------------------------------------------------------
     0 | D        | BluebellGnoll, the Minotaur Monk, began the quest for the Orb.
     0 | D        | Reached XP level 1. HP: 19/19 MP: 1/1
     0 | D        | Found a viscous altar of Jiyva.
     0 | D        | Found a corrupted altar of Lugonu.
     0 | D        | Found a white marble altar of Elyvilon.
     2 | D        | Found a sparkling altar of Nemelex Xobeh.
     2 | D        | Found a burning altar of Makhleb.
     3 | D        | Found a deep blue altar of Sif Muna.
     3 | D        | Found a bloodstained altar of Trog.
     6 | D        | Found an iron altar of Okawaru.
    12 | D        | Banished a spatial maelstrom
    17 | D        | Found a radiant altar of Vehumet.
    25 | D        | Became a worshipper of Makhleb the Destroyer
    25 | D        | Acquired Makhleb's first power
    25 | D        | Acquired Makhleb's second power
    27 | D        | Found a basalt altar of Yredelemnul.
    28 | D        | Found a shimmering altar of Xom.
    50 | D        | Reached skill level 8 in Armour
    50 | D        | Reached XP level 2. HP: 26/26 MP: 1/1
    58 | D        | Entered arena 1.
    58 | D        | Noticed a naga
    68 | D        | HP: 1/39 [naga/dire flail (9)]
    69 | D        | Killed a naga
    69 | D        | Reached skill level 9 in Unarmed Combat
    69 | D        | Reached XP level 3. HP: 10/31 MP: 2/2
    69 | D        | Reached XP level 4. HP: 12/39 MP: 2/2
    76 | D        | Got the +7 swamp dragon armour of the Hurricane {+Inv rPois+ rN+ Regen+ Str-2}
   357 | D        | Entered arena 2.
   357 | D        | Noticed an iron imp
   370 | D        | Killed an iron imp
   370 | D        | Acquired Makhleb's third power
   370 | D        | Reached skill level 10 in Unarmed Combat
   370 | D        | Reached XP level 5. HP: 45/45 MP: 2/2
   380 | D        | Entered arena 3.
   380 | D        | Noticed a scorpion
   380 | D        | Noticed a jumping spider
   380 | D        | Noticed a scorpion
   385 | D        | Killed a scorpion
   385 | D        | Reached skill level 11 in Unarmed Combat
   388 | D        | Killed a jumping spider
   388 | D        | Acquired Makhleb's fourth power
   388 | D        | Reached skill level 13 in Unarmed Combat
   388 | D        | Reached XP level 6. HP: 51/51 MP: 3/3
   390 | D        | Killed a scorpion
   390 | D        | Reached skill level 14 in Unarmed Combat
   396 | D        | Got the ring "Plaat" {Str+4 Dex+2}
   425 | D        | Entered arena 4.
   425 | D        | Noticed a crimson imp
   425 | D        | Noticed a crimson imp
   437 | D        | Killed a crimson imp
   437 | D        | Reached skill level 5 in Fighting
   437 | D        | Reached XP level 7. HP: 56/61 MP: 3/3
   440 | D        | Acquired Makhleb's fifth power
   443 | D        | Killed a crimson imp
   446 | D        | Got the ring "Lahem" {+Fly rF+ MP+9 Int+2 SInv}
   476 | D        | Entered arena 5.
   476 | D        | Noticed a phantom
   476 | D        | Noticed a phantom
   476 | D        | Noticed a phantom
   476 | D        | Noticed a necrophage
   480 | D        | Killed a necrophage
   485 | D        | Killed a phantom
   486 | D        | Killed a phantom
   486 | D        | Reached skill level 10 in Fighting
   498 | D        | Killed a phantom
   509 | D        | Entered arena 6.
   509 | D        | Noticed a deep elf conjurer
   509 | D        | Noticed a deep elf summoner
   509 | D        | Noticed a deep elf fighter
   509 | D        | Noticed a deep elf mage
   509 | D        | Noticed a deep elf fighter
   515 | D        | Noticed a redback
   515 | D        | Killed a deep elf mage
   515 | D        | Reached XP level 8. HP: 61/81 MP: 3/3
   516 | D        | Noticed a jumping spider
   517 | D        | Killed a deep elf summoner
   517 | D        | Reached skill level 10 in Shields
   520 | D        | Killed a deep elf fighter
   529 | D        | Killed a deep elf conjurer
   529 | D        | Reached XP level 9. HP: 81/86 MP: 4/4
   532 | D        | Killed a deep elf fighter
   563 | D        | Entered arena 7.
   563 | D        | Noticed a purple draconian
   563 | D        | Noticed a draconian
   563 | D        | Noticed a draconian
   563 | D        | Noticed a draconian
   563 | D        | Noticed a draconian
   563 | D        | Noticed a draconian
   577 | D        | Killed a draconian
   577 | D        | Reached skill level 15 in Unarmed Combat
   582 | D        | Killed a draconian
   582 | D        | Reached skill level 16 in Unarmed Combat
   590 | D        | Killed a purple draconian
   590 | D        | Reached skill level 17 in Unarmed Combat
   596 | D        | Killed a draconian
   596 | D        | Reached skill level 18 in Unarmed Combat
   596 | D        | Reached XP level 10. HP: 68/94 MP: 4/4
   599 | D        | Killed a draconian
   605 | D        | Killed a draconian
   605 | D        | Reached skill level 19 in Unarmed Combat
   615 | D        | Identified the Grimoire of the Oath (You found it in the Dungeon)
   619 | D        | Learned a level 3 spell: Spectral Weapon
   636 | D        | Got the ring "Vonn" {Ice rElec rN++ Int+2}
   638 | D        | Entered arena 8.
   638 | D        | Noticed a naga mage
   638 | D        | Noticed a naga
   638 | D        | Noticed a black mamba
   638 | D        | Noticed a naga
   638 | D        | Noticed a naga mage
   643 | D        | Killed a black mamba
   646 | D        | Killed a naga mage
   650 | D        | Killed a naga mage
   652 | D        | Killed a naga
   655 | D        | Killed a naga
   655 | D        | Reached skill level 5 in Invocations
   655 | D        | Reached skill level 5 in Evocations
   663 | D        | Got the ring "Opnaigre" {rF+ rC- rN+ MR- HP+9 MP+9 Dex-6}
   822 | D        | Entered arena 9.
   822 | D        | Noticed a naga
   822 | D        | Noticed a water moccasin
   822 | D        | Noticed a water moccasin
   822 | D        | Noticed a naga
   822 | D        | Noticed a naga
   829 | D        | Killed a water moccasin
   835 | D        | Killed a water moccasin
   839 | D        | Killed a naga
   843 | D        | Killed a naga
   847 | D        | Killed a naga
   869 | D        | Got the ring "Tahu" {Str+3 Slay+2 SInv}
   875 | D        | Entered arena 10.
   875 | D        | Noticed a deep elf fighter
   875 | D        | Noticed a deep elf conjurer
   875 | D        | Noticed a deep elf knight
   875 | D        | Noticed a deep elf knight
   875 | D        | Noticed a deep elf knight
   875 | D        | Noticed a deep elf knight
   875 | D        | Noticed a deep elf conjurer
   877 | D        | Killed a deep elf fighter
   878 | D        | Killed a deep elf knight
   878 | D        | Killed a deep elf knight
   878 | D        | Reached XP level 11. HP: 101/101 MP: 15/18
   883 | D        | Killed a deep elf conjurer
   887 | D        | Killed a deep elf knight
   893 | D        | Killed a deep elf knight
   895 | D        | Killed a deep elf conjurer
   895 | D        | Reached skill level 10 in Invocations
   920 | D        | Entered arena 11.
   920 | D        | Noticed a komodo dragon
   920 | D        | Noticed a giant frog
   920 | D        | Noticed a spiny frog
   920 | D        | Noticed a black mamba
   920 | D        | Noticed a water moccasin
   920 | D        | Noticed a spiny frog
   921 | D        | Noticed a porcupine
   921 | D        | Noticed a porcupine
   924 | D        | Killed a black mamba
   924 | D        | Killed a water moccasin
   925 | D        | Killed a porcupine
   930 | D        | Killed a spiny frog
   931 | D        | Killed a spiny frog
   932 | D        | Killed a porcupine
   935 | D        | Killed a komodo dragon
   936 | D        | Killed a giant frog
   951 | D        | Got the +2 cloak of Skiphi {rC++ HP+9 Int+3 Dex+4}
   991 | D        | Entered arena 12.
   991 | D        | Noticed a necromancer
   991 | D        | Noticed a vampire
   991 | D        | Noticed a shadow
   991 | D        | Noticed a vampire knight
   991 | D        | Noticed a necromancer
   991 | D        | Noticed a vampire knight
   992 | D        | Noticed a vampire mage
   992 | D        | Noticed a shadow
   997 | D        | Noticed a vampire knight
  1007 | D        | Killed a vampire knight
  1013 | D        | Killed a shadow
  1018 | D        | Killed a shadow
  1030 | D        | Killed a vampire knight
  1032 | D        | Killed a vampire
  1033 | D        | Killed a necromancer
  1037 | D        | Killed a necromancer
  1044 | D        | Killed a vampire mage
  1052 | D        | Paralysed by a vampire knight for 5 turns
  1053 | D        | Engulfed by a cloud of flame

Action                   |  1- 3 |  4- 6 |  7- 9 | 10-12 || total
-------------------------+-------+-------+-------+-------++-------
Melee: Unarmed           |    10 |    38 |    72 |   124 ||   244
Evoke: Wand              |       |     1 |     4 |     3 ||     8
       Rod               |       |       |       |     3 ||     3
       Deck              |       |       |       |     4 ||     4
       Lamp of fire      |       |       |       |     2 ||     2
  Use: Potion            |     2 |       |     1 |     1 ||     4
 Stab: Distracted        |       |       |       |     1 ||     1
  Eat: Chunk             |       |       |       |     2 ||     2
